 Dungeon Crawl Stone Soup version 0.24.0-13-gcf9b3192b9 (webtiles) character file.

Game seed: 15523380823291127559, levelgen mode: deterministic

787 Curus the Carver (level 7, -3/57 HPs)
             Began as a Minotaur Monk on Nov 6, 2019.
             Was a Believer of Trog.
             Slain by Pikel
             ... wielding a +2 whip of flaming
              (4 damage)
             ... on level 4 of the Dungeon.
             The game lasted 00:12:10 (2240 turns).

Curus the Carver (Minotaur Monk)                    Turns: 2240, Time: 00:12:11

Health: -3/57      AC:  3    Str: 15    XL:     7   Next: 56%
Magic:  6/6        EV: 12    Int:  7    God:    Trog [**....]
Gold:   205        SH:  4    Dex: 15    Spells: 6/6 levels left

rFire    + . .     SeeInvis .   a - +1 falchion
rCold    . . .     Gourm    .   (no shield)
rNeg     . . .     Faith    .   e - +0 ring mail
rPois    .         Spirit   .   (helmet restricted)
rElec    .         Reflect  .   f - +0 cloak
rCorr    .         Harm     .   (no gloves)
MR       .....     Rnd*Tele +   (no boots)
Stlth    +.........             (no amulet)
HPRegen  0.19/turn              k - ring of teleportation (curse)
MPRegen  0.10/turn              i - ring of protection from fire

@: berserk cooldown, slowed, very slow
A: retaliatory headbutt, horns 2, large bone plates 1, deformed body, sense
surroundings 1, subdued magic 1
a: Berserk, Trog's Hand, Renounce Religion


You were on level 4 of the Dungeon.
You worshipped Trog.
Trog was pleased with you.
You were not hungry.

You visited 1 branch of the dungeon, and saw 4 of its levels.

You collected 205 gold pieces.

Inventory:

Hand Weapons
 a - a +1 falchion (weapon)
Armour
 b - a +0 robe
 e - a +0 ring mail (worn)
 f - a +0 cloak (worn)
Jewellery
 i - a ring of protection from fire (right hand)
 k - a cursed ring of teleportation (left hand)
Scrolls
 d - a scroll of fear
 g - 3 scrolls of identify
 h - a scroll of magic mapping
 j - a scroll of teleportation
Potions
 l - a potion of curing
Comestibles
 c - 7 rations
 m - 8 chunks of flesh


   Skills:
 - Level 3.6 Fighting
 + Level 10.7 Long Blades
 - Level 3.2 Dodging
 - Level 1.5 Stealth


You had 6 spell levels left.
You didn't know any spells.
Your spell library contained the following spells:

 Spells                   Type           Power        Failure   Level  Hunger
 Confusing Touch          Hex            #.....       63%         1    ##.....
 Confuse                  Hex            #.......     94%         3    ####...
 Gell's Gravitas          Tloc           #.........   94%         3    ####...
 Petrify                  Tmut/Erth      #.......     100%        4    #####..
 Metabolic Englaciation   Hex/Ice        #.........   100%        5    ######.
 Yara's Violent Unravell  Hex/Tmut       #.........   100%        5    ######.


Dungeon Overview and Level Annotations

Branches:
Dungeon (4/15)
 Temple: D:4-7

Altars:
Ru
Trog
Vehumet
Xom
Zin

Annotations:
D:4 Menkaure, Pikel


Innate Abilities, Weirdness & Mutations

You reflexively headbutt those who attack you in melee.
You have a pair of horns on your head.
You are partially covered in large bone plates. (SH +4)
Armour fits poorly on your strangely shaped body.
You passively map a small area around you.
Your spells are a little easier to cast, but a little less powerful.


Message History

A slave comes into view. x2
Menkaure, Prince of Dust comes into view.
Menkaure mumbles some strange words.
Menkaure seems to speed up.
Pikel hits you with a +2 whip of flaming!
* * * LOW HITPOINT WARNING * * *
Unknown command.
The slave hits you.
* * * LOW HITPOINT WARNING * * *
Pikel barely misses you. You furiously retaliate!
You headbutt Pikel, but do no damage.
Pikel hits you with a +2 whip of flaming.
* * * LOW HITPOINT WARNING * * *
The slave barely misses you.
You riposte.
You hit the slave.
The slave is lightly wounded.
You block the slave's attack.
Menkaure calls on the powers of darkness!
The slave convulses! x2; Pikel convulses!
You feel a surge of unholy energy.
Pikel hits you with a +2 whip of flaming.
You die...

* * * , * # ,
.# , ** *.# #
* #.## .# , #
#..##.## #.
*#..#...#
#.###
#@.#.#.# *,
#...##Kp...8#
#....p.#.#.#
,
###..M....#,
#...#.#### ,
#......# ,
##...
#.......# *
#...
.......... *8
....,
...........#*
*


You could see Pikel, 2 slaves and Menkaure.

Vanquished Creatures
  Grinder (D:4)
  2 slaves (D:4)
  2 eyes of draining (D:3)
  Crazy Yiuf (D:2)
  2 orc wizards (D:4)
  An iguana (D:4)
  Natasha (thrice) (D:2)
  A hound skeleton (D:4)
  7 gnolls
  5 adders
  2 oozes
  A worm (D:2)
  4 dart slugs
  3 leopard geckos
  8 orcs
  6 giant cockroaches
  11 goblins
  5 hobgoblins
  12 jackals
  2 quokkas
  13 bats
  4 frilled lizards
  10 kobolds
  5 rats
111 creatures vanquished.

Notes
Turn   | Place    | Note
-------+----------+-------------------------------------------
     0 | D:1      | Curus the Minotaur Monk began the quest for the Orb.
     0 | D:1      | Reached XP level 1. HP: 19/19 MP: 0/0
    87 | D:1      | Reached skill level 4 in Long Blades
   133 | D:1      | Reached XP level 2. HP: 24/26 MP: 1/1
   239 | D:1      | Reached skill level 5 in Long Blades
   247 | D:1      | Reached XP level 3. HP: 26/31 MP: 2/2
   484 | D:2      | Noticed Natasha
   497 | D:2      | Killed Natasha
   497 | D:2      | Reached skill level 6 in Long Blades
   497 | D:2      | Reached XP level 4. HP: 24/39 MP: 3/3
   534 | D:2      | Found a radiant altar of Vehumet.
   792 | D:2      | Noticed Natasha
   797 | D:2      | Killed Natasha
   833 | D:2      | Reached skill level 7 in Long Blades
   833 | D:2      | Reached XP level 5. HP: 34/45 MP: 4/4
  1025 | D:2      | Found a sacrificial altar of Ru.
  1124 | D:2      | Noticed Natasha
  1133 | D:2      | Killed Natasha
  1209 | D:2      | Found a runed translucent door.
  1210 | D:2      | Noticed Crazy Yiuf
  1340 | D:2      | Killed Crazy Yiuf
  1479 | D:3      | Reached skill level 8 in Long Blades
  1624 | D:3      | Reached XP level 6. HP: 42/51 MP: 5/5
  1766 | D:3      | Noticed an angel
  1768 | D:3      | Found a shimmering altar of Xom.
  1771 | D:3      | Found a glowing silver altar of Zin.
  1833 | D:3      | Found a bloodstained altar of Trog.
  1855 | D:3      | Reached skill level 9 in Long Blades
  1864 | D:3      | Became a worshipper of Trog the Wrathful
  1864 | D:3      | Reached * piety under Trog
  1864 | D:3      | Reached ** piety under Trog
  2105 | D:4      | Reached XP level 7. HP: 57/57 MP: 6/6
  2146 | D:4      | Noticed Grinder
  2158 | D:4      | Killed Grinder
  2158 | D:4      | Reached skill level 10 in Long Blades
  2181 | D:4      | Gained mutation: You are partially covered in large bone
                  | plates. (SH +4) [potion of mutation]
  2181 | D:4      | Gained mutation: Armour fits poorly on your strangely
                  | shaped body. [potion of mutation]
  2181 | D:4      | Gained mutation: Your spells are a little easier to cast,
                  | but a little less powerful. [potion of mutation]
  2181 | D:4      | Gained mutation: You passively map a small area around you.
                  | [potion of mutation]
  2237 | D:4      | Noticed Pikel
  2238 | D:4      | Noticed Menkaure
  2239 | D:4      | HP: 1/57 [Pikel/+2 whip of flaming (3)]
  2240 | D:4      | Slain by Pikel

Levels and vault maps discovered:
D:1:      dpeg_arrival_three_smaller_balls, layout_basic
D:2:      layout_loops_ring, vehumet_crystals, lemuel_tele_altar, uniq_natasha,
          uniq_crazy_yiuf_cottage
D:3:      layout_loops_ring, grunt_temple_overflow_order_and_chaos_1,
          trog_eyes_of_draining, first_ration
D:4:      layout_loops_ring, nicolae_dithmenos_the_darkroom,
          lightli_ossuary_entry_decrepit_ruins, uniq_menkaure, uniq_pikel,
          uniq_grinder

Skill      XL: |  1  2  3  4  5  6  7 |
---------------+----------------------+-----
Long Blades    | 4 5 6 7 8 9 10 | 10.7
Fighting       | |  3.6
Dodging        | |  3.2
Stealth        | |  1.5

Action                   |  1- 3 |  4- 6 |  7- 9 || total
-------------------------+-------+-------+-------++-------
Melee: Falchion          |    71 |   172 |    48 ||   291
       Headbutt          |    12 |    27 |     8 ||    47
Invok: Berserk           |       |       |     1 ||     1
  Use: Scroll            |     4 |     5 |       ||     9
       Potion            |     2 |     1 |     1 ||     4
 Stab: Sleeping          |     1 |       |       ||     1
  Eat: Chunk             |       |     4 |     1 ||     5
Armor: Robe              |     8 |       |       ||     8
       Ring mail         |    18 |    45 |     5 ||    68
Dodge: Dodged            |    50 |    89 |    17 ||   156
Block: Other             |       |       |     3 ||     3
       Rpst.: Falchion   |    12 |    17 |     3 ||    32
